TOP OF THE 1ST |
Lexington Legends batting - Pitching for West Michigan Whitecaps : RHP Ricky Tercero
|
Pitching: RHP Ricky Tercero
|
|
Batting: SHB Jared O'Connor
|
0-0: Ball 1-0: Ball 2-0: Called Strike 2-1: Swinging Strike 2-2: Ball 3-2: Strikes out swinging
|
Batting: SHB Jason Anaya
|
0-0: Called Strike 0-1: Called Strike 0-2: Foul Ball, location: 2F 0-2: Ball 1-2: Strikes out looking
|
Batting: LHB Danny Bailey
|
0-0: Ball 1-0: Called Strike 1-1: Ball 2-1: Foul Ball, location: 2F 2-2: Fly out, F4 (Flyball, 34D, EV 96.2 MPH)
|
Top of the 1st over - 0 runs, 0 hits, 0 errors, 0 left on base; Lexington 0 - West Michigan 0 |
BOTTOM OF THE 1ST |
West Michigan Whitecaps batting - Pitching for Lexington Legends : LHP Joel Page
|
Pitching: LHP Joel Page
|
|
Batting: RHB Travis Newton
|
0-0: Swinging Strike 0-1: Ground out 1-3 (Groundball, 13S, EV 61.9 MPH)
|
Batting: RHB Jon Pierce
|
0-0: Swinging Strike 0-1: Ball 1-1: Ball 2-1: Foul Ball, location: 2F 2-2: Strikes out looking
|
Batting: SHB Andy Vivas
|
0-0: Ball 1-0: Called Strike 1-1: Ball 2-1: SOLO HOME RUN (Flyball, 89XD, EV 103.1 MPH), Distance : 407 ft
|
Batting: RHB Bill Cabrera
|
0-0: Ball 1-0: Foul Ball, location: 2F 1-1: Ball 2-1: Fly out, F8 (Flyball, 8RM, EV 74.4 MPH)
|
Bottom of the 1st over - 1 run, 1 hit, 0 errors, 0 left on base; Lexington 0 - West Michigan 1 |
TOP OF THE 2ND |
Lexington Legends batting - Pitching for West Michigan Whitecaps : RHP Ricky Tercero
|
Batting: LHB Ho-win Zhou
|
0-0: Called Strike 0-1: Ball 1-1: Called Strike 1-2: Strikes out looking
|
Batting: LHB Robby Diaz
|
0-0: Ground out 4-3 (Groundball, 34, EV 109.4 MPH)
|
Batting: RHB Kevin Roseen
|
0-0: Foul Ball, location: 2F 0-1: Swinging Strike 0-2: Foul Ball, location: 2F 0-2: Reached on error, E6 (Groundball, 6, EV 96.9 MPH)
|
Batting: RHB Alex Cid
|
0-0: Called Strike 0-1: Ball 1-1: Foul Ball, location: 2F 1-2: Foul Ball, location: 2F 1-2: Foul Ball, location: 2F 1-2: Ground out U3 (Groundball, 3S, EV 75.6 MPH)
|
Top of the 2nd over - 0 runs, 0 hits, 1 error, 1 left on base; Lexington 0 - West Michigan 1 |
BOTTOM OF THE 2ND |
West Michigan Whitecaps batting - Pitching for Lexington Legends : LHP Joel Page
|
Batting: RHB Dan Becvar
|
0-0: Foul Ball, location: 2F 0-1: Foul Ball, location: 2F 0-2: Ball 1-2: Fly out, F8 (Flyball, 8LM, EV 89.4 MPH)
|
Batting: LHB Gabe Mendez
|
0-0: Called Strike 0-1: Ball 1-1: Ball 2-1: Foul Ball, location: 2F 2-2: SINGLE (Groundball, 34, EV 101.2 MPH)
|
Batting: RHB Sergio Valbuena
|
0-0: Ball 1-0: Foul Ball, location: 2F 1-1: Ball 2-1: Swinging Strike 2-2: Foul Ball, location: 2F 2-2: Ball 3-2: Base on Balls Gabe Mendez to second
|
Batting: LHB Jeff Trapp
|
0-0: Ball 1-0: Foul Ball, location: 2F 1-1: Swinging Strike 1-2: Foul Ball, location: 2F 1-2: Strikes out swinging
|
Batting: RHB Rocky Hart
|
0-0: SINGLE (Groundball, 4MS, EV 75.0 MPH) (infield hit) Gabe Mendez to third Sergio Valbuena to second
|
Batting: RHB Travis Newton
|
0-0: Ball 1-0: Called Strike 1-1: Ball 2-1: Ball 3-1: Fielders Choice at 2nd, 6-4 (Groundball, 6MD, EV 86.2 MPH)
|
Bottom of the 2nd over - 0 runs, 2 hits, 0 errors, 3 left on base; Lexington 0 - West Michigan 1 |
TOP OF THE 3RD |
Lexington Legends batting - Pitching for West Michigan Whitecaps : RHP Ricky Tercero
|
Batting: RHB Andy Urquhart
|
0-0: Ball 1-0: Ground out 6-3 (Groundball, 6, EV 81.9 MPH)
|
Batting: RHB Matt Tittle
|
0-0: Ball 1-0: Ground out 6-3 (Groundball, 6, EV 107.5 MPH)
|
Batting: SHB Jared O'Connor
|
0-0: Foul Ball, location: 2F 0-1: Called Strike 0-2: Ball 1-2: Strikes out looking
|
Top of the 3rd over - 0 runs, 0 hits, 0 errors, 0 left on base; Lexington 0 - West Michigan 1 |
BOTTOM OF THE 3RD |
West Michigan Whitecaps batting - Pitching for Lexington Legends : LHP Joel Page
|
Batting: RHB Jon Pierce
|
0-0: Called Strike 0-1: Ball 1-1: DOUBLE (Line Drive, 9LS, EV 96.9 MPH)
|
Batting: SHB Andy Vivas
|
0-0: Ball 1-0: Foul Ball, location: 2F 1-1: Ball 2-1: Ball 3-1: Swinging Strike 3-2: Strikes out swinging
|
Batting: RHB Bill Cabrera
|
0-0: Called Strike 0-1: Ball 1-1: Swinging Strike 1-2: Strikes out swinging
|
Batting: RHB Dan Becvar
|
0-0: SINGLE (Line Drive, 8RS, EV 100.0 MPH) Jon Pierce to third
|
Batting: LHB Gabe Mendez
|
0-0: Ball 1-0: Fielders Choice at 2nd, 6-4 (Groundball, 6, EV 85.0 MPH)
|
Bottom of the 3rd over - 0 runs, 2 hits, 0 errors, 2 left on base; Lexington 0 - West Michigan 1 |
TOP OF THE 4TH |
Lexington Legends batting - Pitching for West Michigan Whitecaps : RHP Ricky Tercero
|
Batting: SHB Jason Anaya
|
0-0: Ball 1-0: Ball 2-0: Ball 3-0: Called Strike 3-1: Fly out, F9 (Line Drive, 89S, EV 105.0 MPH)
|
Batting: LHB Danny Bailey
|
0-0: Foul Ball, location: 2F 0-1: Ball 1-1: SINGLE (Groundball, 4, EV 98.1 MPH)
|
Batting: LHB Ho-win Zhou
|
0-0: Called Strike 0-1: Called Strike Danny Bailey steals 2nd base 0-2: Ball 1-2: Strikes out swinging
|
Batting: LHB Robby Diaz
|
0-0: Ball 1-0: Fly out, F7 (Line Drive, 7D, EV 105.0 MPH)
|
Top of the 4th over - 0 runs, 1 hit, 0 errors, 1 left on base; Lexington 0 - West Michigan 1 |
BOTTOM OF THE 4TH |
West Michigan Whitecaps batting - Pitching for Lexington Legends : LHP Joel Page
|
Batting: RHB Sergio Valbuena
|
0-0: Ball 1-0: Foul Ball, location: 2F 1-1: Fly out, F3 (Line Drive, 3, EV 70.6 MPH)
|
Batting: LHB Jeff Trapp
|
0-0: Ball 1-0: Foul Ball, location: 2F 1-1: Swinging Strike 1-2: Fly out, F5 (Popup, 5F, EV 61.9 MPH)
|
Batting: RHB Rocky Hart
|
0-0: Ball 1-0: Called Strike 1-1: SINGLE (Groundball, 6MD, EV 96.2 MPH)
|
Batting: RHB Travis Newton
|
0-0: Ball 1-0: Ball 2-0: Called Strike 2-1: Ball 3-1: Foul Ball, location: 2F 3-2: Ground out 4-3 (Groundball, 34, EV 80.6 MPH)
|
Bottom of the 4th over - 0 runs, 1 hit, 0 errors, 1 left on base; Lexington 0 - West Michigan 1 |
TOP OF THE 5TH |
Lexington Legends batting - Pitching for West Michigan Whitecaps : RHP Ricky Tercero
|
Batting: RHB Kevin Roseen
|
0-0: Ground out 4-3 (Groundball, 4MD, EV 101.9 MPH)
|
Batting: RHB Alex Cid
|
0-0: Called Strike 0-1: Swinging Strike 0-2: Strikes out looking
|
Batting: RHB Andy Urquhart
|
0-0: Called Strike 0-1: Swinging Strike 0-2: Ball 1-2: Strikes out looking
|
Top of the 5th over - 0 runs, 0 hits, 0 errors, 0 left on base; Lexington 0 - West Michigan 1 |
BOTTOM OF THE 5TH |
West Michigan Whitecaps batting - Pitching for Lexington Legends : LHP Joel Page
|
Batting: RHB Jon Pierce
|
0-0: Called Strike 0-1: DOUBLE (Line Drive, 9LM, EV 106.9 MPH)
|
Batting: SHB Andy Vivas
|
0-0: Ball 1-0: Swinging Strike 1-1: Ball 2-1: Called Strike 2-2: Strikes out swinging
|
Batting: RHB Bill Cabrera
|
0-0: Called Strike 0-1: Fly out, F9 (Flyball, 9, EV 84.4 MPH)
|
Batting: RHB Dan Becvar
|
0-0: Swinging Strike 0-1: Fly out, F7 (Flyball, 7, EV 88.1 MPH)
|
Bottom of the 5th over - 0 runs, 1 hit, 0 errors, 1 left on base; Lexington 0 - West Michigan 1 |
TOP OF THE 6TH |
Lexington Legends batting - Pitching for West Michigan Whitecaps : RHP Ricky Tercero
|
Batting: RHB Matt Tittle
|
0-0: Foul Ball, location: 2F 0-1: Ground out 4-3 (Groundball, 4, EV 82.5 MPH)
|
Batting: SHB Jared O'Connor
|
0-0: Swinging Strike 0-1: Swinging Strike 0-2: Strikes out looking
|
Batting: SHB Jason Anaya
|
0-0: Called Strike 0-1: Ball 1-1: Ball 2-1: Foul Ball, location: 2F 2-2: Ball 3-2: Ground out U3 (Groundball, 3L, EV 105.0 MPH)
|
Top of the 6th over - 0 runs, 0 hits, 0 errors, 0 left on base; Lexington 0 - West Michigan 1 |
BOTTOM OF THE 6TH |
West Michigan Whitecaps batting - Pitching for Lexington Legends : LHP Joel Page
|
Pitching: RHP Alex Sanders
|
|
Batting: LHB Gabe Mendez
|
0-0: Called Strike 0-1: Swinging Strike 0-2: Ball 1-2: Ball 2-2: Ball 3-2: Base on Balls
|
Batting: RHB Sergio Valbuena
|
0-0: Grounds into double play, 5-4-3 (Groundball, 56, EV 100.6 MPH)
|
Batting: LHB Jeff Trapp
|
0-0: Ball 1-0: Ball 2-0: Foul Ball, location: 2F 2-1: Ball 3-1: Foul Ball, location: 2F 3-2: SINGLE (Flyball, 8LS, EV 93.1 MPH)
|
Batting: RHB Rocky Hart
|
0-0: Ball 1-0: Ball 2-0: Ball 3-0: Called Strike 3-1: Base on Balls Jeff Trapp to second
|
Batting: RHB Travis Newton
|
0-0: Ball Rocky Hart steals 2nd base (no throw) Jeff Trapp steals 3rd base 1-0: Called Strike 1-1: Ball 2-1: Ball 3-1: Base on Balls
|
Batting: RHB Jon Pierce
|
0-0: Foul Ball, location: 2F 0-1: Ball 1-1: Foul Ball, location: 2F 1-2: Ball 2-2: Foul Ball, location: 2F 2-2: Strikes out looking
|
Bottom of the 6th over - 0 runs, 1 hit, 0 errors, 3 left on base; Lexington 0 - West Michigan 1 |
TOP OF THE 7TH |
Lexington Legends batting - Pitching for West Michigan Whitecaps : RHP Ricky Tercero
|
Batting: LHB Danny Bailey
|
0-0: Ball 1-0: Ball 2-0: Called Strike 2-1: Ball 3-1: Fly out, F8 (Line Drive, 8LD, EV 108.8 MPH)
|
Batting: LHB Ho-win Zhou
|
0-0: Foul Ball, location: 2F 0-1: Swinging Strike 0-2: Strikes out swinging
|
Batting: LHB Robby Diaz
|
0-0: Foul Ball, location: 2F 0-1: Ball 1-1: Foul Ball, location: 2F 1-2: Foul Ball, location: 2F 1-2: Ball 2-2: Fly out, F6 (Popup, 15S, EV 91.2 MPH)
|
Top of the 7th over - 0 runs, 0 hits, 0 errors, 0 left on base; Lexington 0 - West Michigan 1 |
BOTTOM OF THE 7TH |
West Michigan Whitecaps batting - Pitching for Lexington Legends : RHP Alex Sanders
|
Pitching: RHP Austin Aubuchon
|
|
Batting: SHB Andy Vivas
|
0-0: Fly out, F8 (Flyball, 89M, EV 75.0 MPH)
|
Batting: RHB Bill Cabrera
|
0-0: Called Strike 0-1: Ball 1-1: SINGLE (Flyball, 8RS, EV 93.1 MPH)
|
Batting: RHB Dan Becvar
|
0-0: Ball 1-0: Ground out 5-3 (Groundball, 56S, EV 71.2 MPH) Bill Cabrera to second
|
Batting: LHB Gabe Mendez
|
0-0: Called Strike 0-1: Ball 1-1: Ground out U3 (Groundball, 3L, EV 91.2 MPH)
|
Bottom of the 7th over - 0 runs, 1 hit, 0 errors, 1 left on base; Lexington 0 - West Michigan 1 |
TOP OF THE 8TH |
Lexington Legends batting - Pitching for West Michigan Whitecaps : RHP Ricky Tercero
|
Pitching: RHP Nate Mull
|
|
Batting: RHB Kevin Roseen
|
0-0: Foul Ball, location: 2F 0-1: Foul Ball, location: 2F 0-2: Ball 1-2: Ground out 4-3 (Groundball, 34, EV 98.8 MPH)
|
Batting: RHB Alex Cid
|
0-0: Swinging Strike 0-1: Ground out 6-3 (Groundball, 56, EV 92.5 MPH)
|
Batting: RHB Andy Urquhart
|
0-0: Swinging Strike 0-1: Ball 1-1: Ball 2-1: Called Strike 2-2: Strikes out swinging
|
Top of the 8th over - 0 runs, 0 hits, 0 errors, 0 left on base; Lexington 0 - West Michigan 1 |
BOTTOM OF THE 8TH |
West Michigan Whitecaps batting - Pitching for Lexington Legends : RHP Austin Aubuchon
|
Pitching: LHP Ken Milhouse
|
|
Batting: RHB Sergio Valbuena
|
0-0: Ball 1-0: Ground out 6-3 (Groundball, 6, EV 106.9 MPH)
|
Batting: LHB Jeff Trapp
|
0-0: Ball 1-0: Ball 2-0: Fly out, F9 (Flyball, 9S, EV 73.8 MPH)
|
Batting: RHB Rocky Hart
|
0-0: Called Strike 0-1: Swinging Strike 0-2: Ground out 5-3 (Groundball, 56S, EV 66.9 MPH)
|
Bottom of the 8th over - 0 runs, 0 hits, 0 errors, 0 left on base; Lexington 0 - West Michigan 1 |
TOP OF THE 9TH |
Lexington Legends batting - Pitching for West Michigan Whitecaps : RHP Nate Mull
|
Pitching: RHP Vince Stocker
|
|
Now at 2B: Jamie Bass
|
|
Now at 3B: Andy Vivas
|
|
Batting: RHB Matt Tittle
|
0-0: Ball 1-0: Foul Ball, location: 2F 1-1: Foul Ball, location: 2F 1-2: Foul Ball, location: 2F 1-2: Ball 2-2: Strikes out swinging
|
Batting: SHB Jared O'Connor
|
0-0: Called Strike 0-1: Ball 1-1: Foul Ball, location: 2F 1-2: Ball 2-2: Strikes out swinging
|
Batting: SHB Jason Anaya
|
0-0: Called Strike 0-1: Swinging Strike 0-2: Strikes out swinging
|
Top of the 9th over - 0 runs, 0 hits, 0 errors, 0 left on base; Lexington 0 - West Michigan 1 |
|